 Dungeon Crawl Stone Soup version 0.26-b1-32-g5d43845318 (webtiles) character file.

Game seed: 1972590792450227694

90 Borgoz the Cudgeller (level 4, -2/28 HPs)
             Began as a Gargoyle Gladiator on Jan 10, 2021.
             Killed by nerve-wracking pain
             ... invoked by Grinder
              (6 damage)
             ... on level 3 of the Dungeon.
             The game lasted 00:02:39 (2337 turns).

Borgoz the Cudgeller (Gargoyle Gladiator)           Turns: 2337, Time: 00:02:40

Health: -2/28      AC: 13    Str: 17    XL:     4   Next: 56%
Magic:  4/4        EV: 16    Int:  9    God:
Gold:   149        SH:  0    Dex: 12    Spells: 3/3 levels left

rFire    + . .     SeeInvis .   a - +0 flail
rCold    . . .     Faith    .   (no shield)
rNeg     + . .     Spirit   .   h - +0 ring mail
rPois    ∞         Reflect  .   c - +0 helmet
rElec    +         Harm     .   m - +0 cloak
rCorr    .         Rampage  .   (no gloves)
Will     .....                  b - +1 pair of boots
Stlth    +.........             (no amulet)
HPRegen  0.09/turn              j - ring of protection from fire
MPRegen  0.09/turn              i - +4 ring of evasion

@: no status effects
A: negative energy resistance 1, electricity resistance, unbreathing,
petrification resistance, miasma immunity, AC +3
a: no special abilities


You were on level 3 of the Dungeon.
You visited 1 branch of the dungeon, and saw 3 of its levels.

You collected 149 gold pieces.

Inventory:

Hand Weapons
 a - a +0 flail (weapon)
Missiles
 d - 3 throwing nets (quivered)
Armour
 b - a +1 pair of boots (worn)
 c - a +0 helmet (worn)
 h - a +0 ring mail (worn)
 m - a +0 cloak (worn)
Jewellery
 i - a +4 ring of evasion (right hand)
 j - a ring of protection from fire (left hand)
 p - an uncursed ring of fire {unknown}
Scrolls
 e - 2 scrolls of teleportation {unknown}
 f - a scroll of remove curse {unknown}
 g - 7 scrolls of identify {unknown}
 l - a scroll of enchant weapon {unknown}
Potions
 n - 2 potions of invisibility {unknown}
 o - a potion of haste {unknown}


   Skills:
 + Level 3.2 Fighting
 + Level 3.6 Maces & Flails
 - Level 1.7 Throwing
 + Level 1.9 Armour
 + Level 3.0 Dodging


You had 3 spell levels left.
You didn't know any spells.
Your spell library was empty.

Dungeon Overview and Level Annotations

Branches:
Dungeon (3/15)

Altars:

Annotations:
D:3 Grinder


Innate Abilities, Weirdness & Mutations

You are resistant to torment.
Your stone body is resilient. (AC +3)
You are immune to poison.
You resist negative energy. (rN+)
You are resistant to electric shocks. (rElec)
You can survive without breathing.
You are immune to petrification.
You are immune to miasma.


Message History

You sock the goblin!
You kill the goblin!
Grinder blinks!
You hear some strange, mumbled words.
A puff of frost appears from out of thin air!
The puff of frost hits you.
* * * LOW HITPOINT WARNING * * *
The orc priest mumbles some strange prayers to Beogh against you.
You closely miss something.
You hear some strange, mumbled words.
A puff of flame appears from out of thin air!
The puff of flame misses you. Something hits you but does no damage.
Grinder blinks!
The orc priest misses you.
Things that are here:
a +0 flail; an orc corpse You closely miss the orc priest.
Something hits you but does no damage. Grinder gestures at you.
Pain shoots through your body!
You die...

....... ....... #######
##### ....... ......#
#...# ....... ...##.#
#...#####.5....# ...##.#
#.......#.....#
...##.###...###.#.....##
........'...'...@o......
.......##...###.#)......
.......##...# #.#.......
.......##...###.#.......
+#..............#.......
.#..#+#.#.##########...#
.#..#.#......# ....
.####.#......# ...
.+....'......#


You could see Grinder and an orc priest.

Vanquished Creatures
  Crazy Yiuf (D:2)
  An adder (D:2)
  An ooze (D:2)
  A worm (D:2)
  A leopard gecko (D:1)
  2 orcs (D:3)
  7 bats
  A giant cockroach (D:2)
  5 goblins
  3 hobgoblins
  2 jackals (D:2)
  A quokka (D:2)
  A ball python (D:3)
  7 frilled lizards
  5 kobolds
  9 rats
48 creatures vanquished.

Vanquished Creatures (others)
  4 plants (D:1)
4 creatures vanquished.

Grand Total: 52 creatures vanquished

Notes
Turn   | Place    | Note
-------+----------+-------------------------------------------
     0 | D:1      | Borgoz the Gargoyle Gladiator began the quest for the Orb.
     0 | D:1      | Reached XP level 1. HP: 12/12 MP: 1/1
   290 | D:1      | Reached XP level 2. HP: 10/18 MP: 2/2
   625 | D:1      | Reached skill level 1 in Armour
  1420 | D:2      | Reached XP level 3. HP: 22/22 MP: 3/3
  1994 | D:2      | Found a runed translucent door.
  1995 | D:2      | Noticed Crazy Yiuf
  2011 | D:2      | Killed Crazy Yiuf
  2012 | D:2      | Reached XP level 4. HP: 13/28 MP: 1/4
  2313 | D:3      | Noticed Grinder
  2337 | D:3      | Killed from afar by Grinder

Illustrated notes

Levels and vault maps discovered:
D:1:      matt_arrival_diagonals, layout_loops_ring, serial_rivers,
          chequers_serial_rivers_micro_c, chequers_serial_rivers_room_a,
          chequers_serial_rivers_small_b, chequers_serial_rivers_micro_a,
          minivault_4, serial_bayou_lake_a
D:2:      layout_loops_cross, uniq_crazy_yiuf_cottage
D:3:      layout_basic, gammafunk_ghost_split, glass_columns_a, uniq_grinder

Skill      XL: |  1  2  3  4 |
---------------+-------------+-----
Armour         | 1 |  1.9
Fighting       | 3 |  3.2
Dodging        | 3 |  3.0
Maces & Flails | |  3.6
Throwing       | |  1.7

Action                   |  1- 3 |  4- 6 || total
-------------------------+-------+-------++-------
Melee: Flail             |   177 |    20 ||   197
Throw: Throwing net      |     1 |       ||     1
  Use: Potion            |     1 |     2 ||     3
 Stab: Invisible         |     1 |       ||     1
Armor: Leather armour    |    23 |       ||    23
       Ring mail         |    63 |     7 ||    70
Dodge: Dodged            |   133 |    29 ||   162
